 Dungeon Crawl Stone Soup version 0.24.1-8-ga250c9d538 (webtiles) character file.

Game seed: 155550691172377975, levelgen mode: deterministic

40436 Amplified the Fighter (level 14, -16/88 HPs)
             Began as a Gargoyle Earth Elementalist on May 2, 2020.
             Was a High Priest of the Shining One.
             Killed from afar by a wretched star (21 damage)
             ... with an orb of energy
             ... on level 2 of the Abyss.
             The game lasted 00:37:51 (17481 turns).

Amplified the Fighter (GrEE)                       Turns: 17481, Time: 00:37:52

Health: -16/88     AC: 28    Str: 17    XL:     14   Next: 11%
Magic:  4/23       EV: 15    Int: 20    God:    the Shining One [*****.]
Gold:   595        SH:  4    Dex: 10    Spells: 2/25 levels left

rFire    . . .     SeeInvis .   p - +2 flail (protect)
rCold    + . .     Gourm    .   C - +0 buckler {rN+}
rNeg     + + +     Faith    .   o - +2 robe {rN+}
rPois    ∞         Spirit   .   a - +0 helmet
rElec    +         Reflect  .   q - +0 cloak
rCorr    .         Harm     .   (no gloves)
MR       +....     Clarity  +   s - +1 pair of boots
Stlth    +.........             (no amulet)
HPRegen  0.24/turn              A - +6 ring of intelligence
MPRegen  0.18/turn              y - ring of protection from cold

@: protection aura, glowing, studying Fire Magic
A: big wings, clarity, [deterioration 2], [dopey 1], negative energy resistance
1, [screaming 2], shaggy fur 1, electricity resistance, unbreathing,
petrification resistance, rot immunity, AC +10
a: Fly, Divine Shield, Cleansing Flame, Summon Divine Warrior, Renounce Religion


You were on level 2 of the Abyss.
You worshipped the Shining One.
The Shining One was extremely pleased with you.
You were not hungry.

You visited 4 branches of the dungeon, and saw 19 of its levels.
You visited the Abyss 1 time.
You also visited: Ossuary.

You collected 1523 gold pieces.
You spent 928 gold pieces at shops.

Inventory:

Hand Weapons
 c - a +2 whip of flaming
 k - a +1 whip of freezing
 p - a +2 flail of protection (weapon)
 D - a +1 war axe of electrocution
 G - a +1 vampiric broad axe
Missiles
 j - 26 poisoned darts (quivered)
 n - 423 stones
Armour
 a - a +0 helmet (worn)
 o - a +2 robe of positive energy (worn)
 q - a +0 cloak (worn)
 s - a +1 pair of boots (worn)
 C - a +0 buckler of positive energy (worn)
Jewellery
 g - an uncursed ring of flight
 x - an uncursed ring of ice
 y - a ring of protection from cold (right hand)
 A - a +6 ring of intelligence (left hand)
Wands
 e - a wand of iceblast (23)
 f - a wand of paralysis (4)
 l - a wand of digging (8)
 v - a wand of flame (9)
Scrolls
 m - a scroll of identify
 r - 8 scrolls of remove curse
 t - 6 scrolls of amnesia
 E - 2 scrolls of immolation
 F - 2 scrolls of fear
Potions
 b - 2 potions of brilliance
 h - a potion of resistance
 w - a potion of mutation
Books
 z - a manual of Fire Magic
Miscellaneous
 u - a lamp of fire (inert)
Comestibles
 d - 23 rations


   Skills:
 * Level 10.3 Fighting
 * Level 0.2(5.3) Axes
 - Level 9.4 Maces & Flails
 * Level 9.5 Armour
 * Level 7.5 Dodging
 - Level 2.1 Stealth
 - Level 4.0 Shields
 - Level 6.1 Spellcasting
 * Level 6.0 Conjurations
 - Level 0.7 Transmutations
 * Level 9.8 Fire Magic
 - Level 8.6 Earth Magic
 * Level 10.1 Invocations


You had 2 spell levels left.
You knew the following spells:

 Your Spells              Type           Power        Failure   Level  Hunger
a - Sandblast             Erth           #####.       1%          1    None
b - Passwall              Tmut/Erth      ###.....     2%          2    None
c - Stone Arrow           Conj/Erth      #####.       1%          3    ##.....
d - Confusing Touch       Hex            #.....       11%         1    None
e - Lee's Rapid Deconstr  Erth           #####.....   9%          5    #####..
f - Bolt of Magma         Conj/Fire/Erth #####.....   10%         5    #####..
g - Deflect Missiles      Chrm/Air       #.........   100%        6    #######

Your spell library contained the following spells:

 Spells                   Type           Power        Failure   Level  Hunger
 Flame Tongue             Conj/Fire      #####        1%          1    None
 Animate Skeleton         Necr           N/A          11%         1    None
 Apportation              Tloc           #.....       11%         1    None
 Corona                   Hex            #......      11%         1    None
 Summon Small Mammal      Summ           #...         11%         1    None
 Ensorcelled Hibernation  Hex/Ice        #.....       16%         2    None
 Dazzling Spray           Conj/Hex       ###...       9%          3    ##.....
 Petrify                  Tmut/Erth      ###.....     16%         4    ####...
 Leda's Liquefaction      Hex/Erth       ###.......   17%         4    ####...
 Confuse                  Hex            #.......     30%         3    ##.....
 Tukima's Dance           Hex            #.......     30%         3    ##.....
 Bolt of Fire             Conj/Fire      #####.....   52%         6    #######
 Iron Shot                Conj/Erth      #####.....   61%         6    #######
 Cause Fear               Hex            #.........   71%         4    ####...
 Yara's Violent Unravell  Hex/Tmut       #.........   94%         5    #####..
 Silence                  Hex/Air        #.........   96%         5    #####..
 Dragon Form              Tmut           #.........   100%        7    #######
 Discord                  Hex            #.........   100%        8    #######
 Dragon's Call            Summ           #.........   100%        9    #######
 Shatter                  Erth           #####.....   100%        9    #######
 Statue Form              Tmut/Erth      Unusable     N/A         6    N/A

Dungeon Overview and Level Annotations

Branches:
Dungeon (15/15)            Temple (1/1) D:4            Lair (1/6) D:10
    Orc (2/2) D:11         Vaults (0/5) D:13        Ossuary (visited)
    Elf: Orc:2       Depths: D:15

Altars:
Ashenzari
Cheibriados
Dithmenos
Elyvilon
Fedhas
Gozag
Hepliaklqana
Kikubaaqudgha
Nemelex Xobeh
Okawaru
Qazlal
Ru
Sif Muna
Trog
Uskayaw
Vehumet
Wu Jian
Xom
Yredelemnul
Zin
The Shining One
Beogh

Shops:
D:8 %   D:12 ?   D:14 :

Annotations:
D:6 2 runed translucent doors, ChadusMaximus's ghost, novice MiBe
D:12 Nessos
Orc:1 2 transporters


Innate Abilities, Weirdness & Mutations

You are resistant to torment.
Your stone body is resilient. (AC +10)
You are immune to poison.
Your large and strong wings let you fly indefinitely.
You resist negative energy. (rN+)
You are resistant to electric shocks. (rElec)
You can survive without breathing.
You are immune to petrification.
You are immune to rotting.
You possess an exceptional clarity of mind.
You are covered in fur. (AC +1)
[Your body often deteriorates upon taking damage.]
[You are dopey. (Int -2)]
[You sometimes yell uncontrollably at your foes.]


Message History

The wretched star is almost destroyed.
A ynoxinul comes into view.
The daeva calls down the wrath of the Shining One upon you.
The Shining One smites you!
* * * LOW HITPOINT WARNING * * *
The wretched star pulses with an eldritch light!
You feel yourself wasting away.
You feel your body start to fall apart.
The ynoxinul moves out of view.
Unknown command.
Unknown command.
You hit the wretched star but do no damage.
The wretched star is almost destroyed.
The wretched star pulses with an eldritch light!
You feel the urge to shout.
You feel a strong urge to yell.
Unknown command.
You hit the wretched star.
The wretched star is almost destroyed.
The wretched star glows turbulently.
The orb of energy hits you!!
You die...

# ## #. #.. .
# # # . # #.
##.## #...# #
... #.. #.##
.. .*# . .##
###A.# .
.##.*. .#@.#.
# . . #
§#*.....# x ..
.
#.#####...#...
. .. .
###...#...# #
.. § . ....##
.. . . #.##. #
. . . . #. .
## .#.. .# .#
. #


You could see a daeva and 2 wretched stars.

Vanquished Creatures
  A vault guard (D:13)
  3 hydras
  Harold (D:11)
  3 centaur warriors
  3 two-headed ogres
  3 tengu warriors
  3 unseen horrors
  An orange crystal statue (D:11)
  2 orc knights
  2 deep elf magi
  Pikel (D:6)
  10 ugly things
  2 necromancers (D:13)
  3 slime creatures
  A worldbinder (Abyss:2)
  4 cyclopes
  An apocalypse crab (Abyss:2)
  An orange demon (Abyss:2)
  A smoke demon (Abyss:2)
  4 centaur skeletons
  A kobold demonologist (D:13)
  2 tengu conjurers
  5 trolls
  2 hippogriffs
  A meliai zombie (D:14)
  Sigmund (D:2)
  A large abomination (Abyss:2)
  5 yaks (D:12)
  2 shadows
  2 vampires
  22 humans (D:13)
  2 wraiths
  2 hungry ghosts
  A small abomination (Abyss:2)
  A wyvern (D:15)
  A chaos spawn (Abyss:2)
  2 wargs (D:10)
  3 vampire mosquitoes (D:12)
  2 acid dragons
  3 water moccasins
  6 orc warriors
  2 ice beasts (D:10)
  A slave (D:6)
  A necrophage (D:12)
  An eye of draining (D:13)
  13 ogres
  3 phantoms
  2 sky beasts
  5 centaurs
  2 crocodiles
  4 big kobolds
  13 bullfrogs
  A water moccasin zombie (D:8)
  A water moccasin skeleton (D:9)
  12 killer bees
  4 scorpions
  19 wights
  4 howler monkeys
  An electric eel (D:10)
  2 bullfrog zombies
  4 crimson imps
  2 centaur zombies
  6 hounds
  3 quasits
  A human zombie (Ossuary)
  3 jellies
  Crazy Yiuf (D:4)
  7 orc priests
  11 orc wizards
  3 bullfrog skeletons
  9 worker ants
  2 hound skeletons
  A howler monkey zombie (D:10)
  3 mummies (Ossuary)
  8 gnolls
  11 adders
  3 shadow imps
  4 adder skeletons
  A worm (D:3)
  2 dart slugs (D:1)
  6 leopard geckos
  45 orcs
  A ball python (D:6)
  7 giant cockroaches
  A gnoll zombie (Ossuary)
  6 goblins
  4 hobgoblins (D:3)
  17 jackals
  16 kobolds
  A quokka (D:3)
  7 bats
  2 frilled lizards (D:2)
  A goblin zombie (Ossuary)
  4 hobgoblin zombies (Ossuary)
  An orc zombie (Ossuary)
  A quokka skeleton (D:6)
  A quokka zombie (D:5)
  8 rats
422 creatures vanquished.

Vanquished Creatures (collateral kills)
  A wretched star (Abyss:2)
1 creature vanquished.

Vanquished Creatures (others)
  A necrophage (D:6)
  A quasit (D:6)
  An ufetubus (Abyss:2)
  An orc (D:10)
  A kobold (D:13)
  3 plants (D:10)
8 creatures vanquished.

Grand Total: 431 creatures vanquished

Notes
Turn   | Place    | Note
-------+----------+-------------------------------------------
     0 | D:1      | Amplified the Gargoyle Earth Elementalist began the quest
                  | for the Orb.
     0 | D:1      | Reached XP level 1. HP: 10/10 MP: 3/3
   375 | D:1      | Reached XP level 2. HP: 16/16 MP: 0/5
   489 | D:1      | Reached skill level 1 in Fighting
   544 | D:1      | Reached skill level 1 in Armour
   900 | D:2      | Reached XP level 3. HP: 15/20 MP: 3/6
  1191 | D:2      | Found an ancient bone altar of Kikubaaqudgha.
  1466 | D:2      | Found a blossoming altar of Fedhas.
  1466 | D:2      | Noticed Sigmund
  1468 | D:2      | Gained mutation: Your magical capacity is low. (-10% MP)
                  | [potion of mutation]
  1468 | D:2      | Gained mutation: You are partially covered in thin metallic
                  | scales. (AC +2) [potion of mutation]
  1532 | D:3      | Learned a level 2 spell: Passwall
  1658 | D:3      | Reached XP level 4. HP: 20/26 MP: 1/6
  1695 | D:3      | You fall into a shaft and drop 3 floors!
  1718 | D:6      | HP: 1/26 [worker ant (4)]
  1758 | D:6      | Reached XP level 5. HP: 5/30 MP: 3/7
  2024 | D:6      | Reached skill level 1 in Maces & Flails
  2136 | D:5      | Entered Level 5 of the Dungeon
  2156 | D:5      | Found a shattered altar of Ashenzari.
  2232 | D:4      | Found a staircase to the Ecumenical Temple.
  2243 | Temple   | Entered the Ecumenical Temple
  2452 | Temple   | Became a worshipper of the Shining One
  2507 | D:4      | Learned a level 3 spell: Stone Arrow
  2779 | D:3      | Reached XP level 6. HP: 31/36 MP: 1/8
  3380 | D:3      | Reached skill level 5 in Earth Magic
  3380 | D:3      | Reached skill level 1 in Invocations
  3540 | D:3      | Learned a level 1 spell: Confusing Touch
  3562 | D:3      | Reached XP level 7. HP: 38/41 MP: 10/10
  3676 | D:4      | Reached * piety under the Shining One
  3730 | D:2      | Killed Sigmund
  4153 | D:4      | Found a runed translucent door.
  4154 | D:4      | Noticed Crazy Yiuf
  4160 | D:4      | Killed Crazy Yiuf
  4246 | D:4      | Found a snail-covered altar of Cheibriados.
  4393 | D:5      | Reached XP level 8. HP: 46/46 MP: 11/11
  4702 | D:5      | Found a bloodstained altar of Trog.
  5010 | D:5      | Found a shimmering blue altar of Sif Muna.
  5118 | D:6      | Noticed Pikel
  5134 | D:6      | Killed Pikel
  5134 | D:6      | Reached XP level 9. HP: 43/52 MP: 13/13
  5162 | D:6      | Found a hide-covered altar of Uskayaw.
  5220 | D:6      | Found a runed translucent door.
  5350 | D:6      | Noticed ChadusMaximus's ghost (novice MiBe)
  5395 | D:6      | Found a white marble altar of Elyvilon.
  5395 | D:6      | Found a shadowy altar of Dithmenos.
  5785 | D:6      | Found a runed translucent door.
  5898 | D:7      | Reached ** piety under the Shining One
  6077 | D:7      | Reached skill level 5 in Fighting
  6077 | D:7      | Reached skill level 5 in Armour
  6707 | D:8      | Noticed a two-headed ogre
  6718 | D:8      | Killed a two-headed ogre
  6718 | D:8      | Reached skill level 5 in Invocations
  6723 | D:8      | Found a sparkling altar of Nemelex Xobeh.
  6745 | D:8      | Found an iron altar of Okawaru.
  6795 | D:8      | Found a sand-covered staircase.
  6858 | D:8      | Reached XP level 10. HP: 49/60 MP: 15/15
  6864 | D:8      | Reached skill level 5 in Spellcasting
  6956 | D:8      | Reached skill level 5 in Maces & Flails
  6996 | D:8      | Found Wuckad's Food Shop.
  7019 | Ossuary  | Entered an ossuary
  7097 | Ossuary  | Reached *** piety under the Shining One
  7361 | D:8      | Found an opulent altar of Gozag.
  7895 | D:9      | Noticed a two-headed ogre
  7902 | D:9      | Reached skill level 5 in Dodging
  7909 | D:9      | Killed a two-headed ogre
  7929 | D:9      | Reached **** piety under the Shining One
  8085 | D:9      | Found a basalt altar of Yredelemnul.
  8090 | D:9      | Identified the +3 ring mail of the Cicada {rElec rC- Str+4
                  | Stlth+}
  8538 | D:9      | Learned a level 5 spell: Lee's Rapid Deconstruction
  8561 | D:9      | Got a slimy plate armour
  8675 | D:9      | Identified the cursed +1 plate armour of an ice cave {rPois
                  | Int+2 Slay+3} (You found it on level 9 of the Dungeon)
  8707 | D:10     | Entered Level 10 of the Dungeon
  9392 | D:10     | Reached XP level 11. HP: 48/66 MP: 18/18
  9460 | D:10     | Found a staircase to the Lair.
  9712 | D:10     | Noticed an unseen horror
  9738 | D:10     | Killed an unseen horror
  9738 | D:10     | Reached skill level 1 in Fire Magic
 10082 | D:11     | Noticed a purple ugly thing
 10139 | D:12     | Found a shattered altar of Ashenzari.
 10207 | D:12     | Noticed a two-headed ogre
 10235 | D:12     | Killed a two-headed ogre
 10454 | D:12     | Found Fuuf's Magic Scroll Shoppe.
 10461 | D:12     | Bought a scroll of teleportation for 39 gold pieces
 10461 | D:12     | Bought a scroll of teleportation for 39 gold pieces
 10950 | D:12     | Noticed Nessos
 10978 | D:13     | Noticed a centaur warrior
 11176 | D:11     | Noticed Harold
 11209 | D:11     | Killed Harold
 11235 | D:11     | Killed a purple ugly thing
 11258 | D:11     | Noticed an orange crystal statue
 11370 | D:11     | Noticed a red ugly thing
 11372 | D:11     | Killed an orange crystal statue
 11372 | D:11     | Reached XP level 12. HP: 73/73 MP: 3/19
 11462 | D:11     | Reached ***** piety under the Shining One
 11488 | D:11     | Reached skill level 5 in Fire Magic
 11512 | D:11     | Found a staircase to the Orcish Mines.
 12516 | Lair:1   | Entered Level 1 of the Lair of Beasts
 12543 | Lair:1   | Learned a level 5 spell: Bolt of Magma
 12948 | Orc:1    | Entered Level 1 of the Orcish Mines
 13030 | Orc:1    | Reached skill level 1 in Conjurations
 13067 | Orc:1    | Noticed an orc high priest
 13144 | Orc:1    | Found a transporter.
 13144 | Orc:1    | Found a transporter.
 13149 | Orc:1    | Found a roughly hewn altar of Beogh.
 13296 | Orc:1    | Noticed an orc warlord
 13299 | Orc:1    | Found a roughly hewn altar of Beogh.
 13517 | Orc:2    | Entered Level 2 of the Orcish Mines
 13534 | Orc:2    | Found a radiant altar of Vehumet.
 13578 | Orc:2    | Noticed a stone giant
 13833 | D:13     | Killed a centaur warrior
 13981 | D:13     | Reached skill level 1 in Shields
 14196 | D:13     | Reached XP level 13. HP: 68/80 MP: 18/19
 14205 | D:13     | Noticed a vault guard
 14233 | D:13     | Killed a vault guard
 14266 | D:13     | Found a gate to the Vaults.
 14412 | D:15     | Entered Level 15 of the Dungeon
 15296 | D:14     | Found Jaczud's Book Boutique.
 15305 | D:14     | Bought a book of Enchantments for 850 gold pieces
 15312 | D:14     | Learned a level 6 spell: Deflect Missiles
 16028 | D:15     | Reached skill level 5 in Conjurations
 16170 | D:15     | Lost mutation: Your magical capacity is low. (-10% MP)
                  | [potion of mutation]
 16170 | D:15     | Lost mutation: You are partially covered in thin metallic
                  | scales. (AC +2) [potion of mutation]
 16170 | D:15     | Gained mutation: You are clumsy. (Dex -2) [potion of
                  | mutation]
 16170 | D:15     | Gained mutation: You possess an exceptional clarity of
                  | mind. [potion of mutation]
 16170 | D:15     | Gained mutation: You are covered in fur. (AC +1) [potion of
                  | mutation]
 16170 | D:15     | Lost mutation: You are clumsy. (Dex -2) [potion of
                  | mutation]
 16204 | D:15     | Reached skill level 10 in Fighting
 17097 | D:15     | Reached skill level 10 in Invocations
 17103 | D:15     | Gained mutation: Your large and strong wings let you fly
                  | indefinitely. [Gargoyle growth]
 17103 | D:15     | Reached XP level 14. HP: 22/88 MP: 1/23
 17115 | D:15     | Cast into level 2 of the Abyss (a wizard)
 17268 | Abyss:2  | Noticed a starcursed mass
 17475 | Abyss:2  | Noticed a daeva
 17479 | Abyss:2  | HP: 4/88 [daeva/divine providence (16)]
 17481 | Abyss:2  | Killed from afar by a wretched star

Levels and vault maps discovered:
D:1:      dpeg_arrival_ternary, layout_rooms
D:2:      layout_rooms, old_standard_altar, first_ration, fedhas_altar_1,
          uniq_sigmund
D:3:      cheibrodos_thug_alley, layout_loops_cross
D:4:      layout_rooms, lemuel_coloured_pillars_altar, temple_green,
          uniq_crazy_yiuf_cottage
D:5:      layout_loops_cross, lemuel_blue_sif_altar, kennysheep_little_box,
          cheibrodos_ashenzari_chains
D:6:      layout_loops_ring, gammafunk_temple_overflow_wave, kennysheep_mini,
          ebering_ghost_sewer_f, uniq_pikel
D:7:      layout_rooms, marbit_many_paths, grunt_decor_cap, grunt_ogre_cave
D:8:      layout_gridville, nicolae_overflow_crystal_walls,
          overflow_temple_1_default, serial_shops, shop,
          lightli_ossuary_entry_decrepit_ruins, kennysheep_flooded_box,
          palyth_stone_intersect
D:9:      minmay_weird_star, layout_long_grid, yredelemnul_altar_generic
D:10:     layout_basic, erik_lair_orcish_takeover, serial_bayou_lake_a
D:11:     minmay_statue_hallways, layout_basic, orc_0_dummy, minmay_checkerbox,
          uniq_harold
D:12:     layout_loops_ring, serial_shops, shop, basic_altar, uniq_nessos
D:13:     layout_loops_ring, grunt_vaults_entry_tiered
D:14:     layout_long_grid, serial_shops,
          nicolae_shop_temple_entry_statues_fountains, kennysheep_donut
D:15:     grunt_enter_depths_magical_seal, layout_loops_ring,
          nicolae_gozag_cash_rules_everything_around_me
Temple:   jpeg_temple_alley_garden
Lair:1:   layout_cave_pods, grunt_megastairs_5, infiniplex_staircase_pool_2
Orc:1:    gammafunk_beogh_shrine, layout_diamond_mine, basic_altar
Orc:2:    grunt_orc_tribal_feast, layout_caves, basic_altar, lemuel_statue_altar
Abyss:2:  base: D:8, hangedman_abyss_or_decor_clamps, evilmike_abyss_exit_plants

Skill      XL: |  1  2  3  4  5  6  7  8  9 10 11 12 13 14 |
---------------+-------------------------------------------+-----
Fighting       | 1 2 3 4 5 6 8 9 10 | 10.3
Armour         | 1 2 3 4 5 6 7 8 9 |  9.5
Dodging        | 2 3 4 5 6 7 |  7.5
Earth Magic    | 4 5 6 7 8 |  8.6
Maces & Flails | 1 2 3 4 5 7 8 9 |  9.4
Invocations    | 1 2 3 5 6 7 8 10 | 10.1
Spellcasting   | 3 4 6 |  6.1
Fire Magic     | 4 7 9 |  9.8
Conjurations   | 3 5 6 |  6.0
Shields        | 2 4 |  4.0
Axes           | |  0.2
Stealth        | |  2.1
Transmutations | |  0.7

Action                   |  1- 3 |  4- 6 |  7- 9 | 10-12 | 13-15 || total
-------------------------+-------+-------+-------+-------+-------++-------
Melee: Short sword       |    54 |       |       |       |       ||    54
       Whip              |    43 |   180 |    27 |       |       ||   250
       Flail             |       |       |   260 |  1010 |   387 ||  1657
Throw: Dart              |       |    15 |    15 |    19 |     4 ||    53
       Throwing net      |       |       |       |     1 |       ||     1
 Cast: Sandblast         |    28 |    25 |    24 |     2 |     4 ||    83
       Stone Arrow       |       |     1 |    12 |    20 |     7 ||    40
       Passwall          |       |       |       |     4 |       ||     4
       Lee's Rapid Decon |       |       |       |    26 |    46 ||    72
       Confusing Touch   |       |       |       |       |     4 ||     4
Invok: Divine Shield     |       |       |     1 |     7 |     1 ||     9
       Cleansing Flame   |       |       |       |     2 |    14 ||    16
       Summon Divine War |       |       |       |       |     1 ||     1
Evoke: Wand              |       |       |     2 |    22 |     7 ||    31
       Lamp of fire      |       |       |       |     1 |     1 ||     2
  Use: Scroll            |     4 |     6 |    11 |     9 |     7 ||    37
       Potion            |     2 |     2 |     4 |    12 |     3 ||    23
  Eat: Chunk             |     2 |     4 |    13 |    27 |    11 ||    57
       Ration            |       |     1 |       |     3 |     5 ||     9
Armor: Robe              |    18 |       |    55 |   546 |   259 ||   878
       Ring mail         |    42 |   109 |   109 |       |       ||   260
       Skin              |     2 |     8 |     1 |       |       ||    11
Dodge: Dodged            |   106 |   120 |   217 |   717 |   261 ||  1421
Block: Other             |       |       |     8 |    63 |       ||    71
       Buckler           |       |       |       |    16 |    98 ||   114
